 Dungeon Crawl Stone Soup version 0.30-a0-140-gd1020e658a (webtiles) character file.

Game seed: 1280669931340983929

251130 ytrimaz the Apostle (level 19, -12/185 HPs)
             Began as a Hill Orc Fighter on Sept 24, 2022.
             Was a High Priest of Beogh.
             Killed from afar by an ironbound thunderhulk (55 damage)
             ... with a bolt of lightning
             ... on level 3 of the Vaults.
             The game lasted 01:10:33 (38509 turns).

ytrimaz the Apostle (Hill Orc Fighter)             Turns: 38509, Time: 01:10:34

Health: -12/185    AC: 37    Str: 31    XL:     19   Next: 65%
Magic:  30/35      EV:  7    Int:  3    God:    Beogh [*****.]
Gold:   3223       SH: 31    Dex:  9    Spells: 18/18 levels left

rFire   + . .      SeeInvis +    F - +5 broad axe (flame)
rCold   . . .      Faith    .    W - +10 tower shield of Ignorance {rN+ Int-4}
rNeg    + + .      Spirit   .    Q - +10 plate armour "Zeotassy" {rN+ Stlth+}
rPois   .          Reflect  +    c - +0 helmet {SInv}
rElec   .          Harm     .    V - +0 cloak
rCorr   .          Rampage  .    v - +1 pair of gloves
Will    +....                    I - +0 pair of boots
Stlth   ..........               N - amulet of reflection
HPRegen 0.40/turn                e - +4 ring of slaying
MPRegen 0.24/turn                k - +4 ring of slaying

@: marked
A: walk on water, fire resistance 1, strong 1, sturdy frame 1
}: 2/15 runes: barnacled, gossamer
a: Renounce Religion, Smiting, Recall Orcish Followers, Give Item to Named
Follower


You were on level 3 of the Vaults.
You worshipped Beogh.
Beogh was extremely pleased with you.
You visited 9 branches of the dungeon, and saw 36 of its levels.
You also visited: Sewer, Gauntlet and Volcano.

You collected 4243 gold pieces.
You spent 1020 gold pieces at shops.


Innate Abilities, Weirdness & Mutations

You can walk on water.
Your flesh is heat resistant. (rF+)
Your muscles are strong. (Str +4, Int/Dex -1)
Your movements are slightly less encumbered by armour. (ER -2)


   Skills:
 - Level 20.0 Fighting
 - Level 16.0 Axes
 - Level 20.0 Armour
 + Level 12.7 Shields
 + Level 24.3 Invocations


You had 18 spell levels left.
You didn't know any spells.
Your spell library contained the following spells:

 Spells                   Type           Power      Damage    Failure   Level
 Apportation              Tloc           0%         N/A       100%        1
 Beastly Appendage        Tmut           0%         N/A       100%        1
 Magic Dart               Conj           0%         1d3       100%        1
 Necrotise                Necr           0%         1d4       100%        1
 Slow                     Hex            0%         N/A       100%        1
 Blink                    Tloc           0%         N/A       100%        2
 Call Imp                 Summ           0%         N/A       100%        2
 Ensorcelled Hibernation  Hex/Ice        0%         N/A       100%        2
 Passwall                 Tmut/Erth      0%         N/A       100%        2
 Searing Ray              Conj           0%         2d4       100%        2
 Wereblood                Tmut           0%         N/A       100%        2
 Confusing Touch          Hex            0%         N/A       100%        3
 Dazzling Flash           Conj/Hex       0%         N/A       100%        3
 Gell's Gravitas          Tloc           0%         N/A       100%        3
 Ignite Poison            Fire/Tmut/Pois 0%         N/A       100%        3
 Inner Flame              Hex/Fire       0%         N/A       100%        3
 Kindle Blastsparks       Fire/Tloc/Air  0%         2d10      100%        3
 Lesser Beckoning         Tloc           0%         N/A       100%        3
 Mephitic Cloud           Conj/Pois/Air  0%         N/A       100%        3
 Ozocubu's Armour         Ice            0%         N/A       100%        3
 Portal Projectile        Hex/Tloc       0%         N/A       100%        3
 Spider Form              Tmut/Pois      0%         N/A       100%        3
 Stone Arrow              Conj/Erth      0%         3d7       100%        3
 Summon Guardian Golem    Hex/Summ       0%         N/A       100%        3
 Swiftness                Air            0%         N/A       100%        3
 Teleport Other           Tloc           0%         N/A       100%        3
 Tukima's Dance           Hex            0%         N/A       100%        3
 Vampiric Draining        Necr           0%         2d6       100%        3
 Anguish                  Hex/Necr       0%         N/A       100%        4
 Animate Armour           Summ/Erth      0%         N/A       100%        4
 Cause Fear               Hex            0%         N/A       100%        4
 Fulminant Prism          Conj/Hex       0%         3d6       100%        4
 Iskenderun's Mystic Bla  Conj/Tloc      0%         2d3       100%        4
 Leda's Liquefaction      Hex/Erth       0%         N/A       100%        4
 Manifold Assault         Tloc           0%         N/A       100%        4
 Passage of Golubria      Tloc           0%         N/A       100%        4
 Agony                    Necr           0%         N/A       100%        5
 Alistair's Intoxication  Tmut/Pois      0%         N/A       100%        5
 Arcjolt                  Conj/Air       0%         1d10      100%        5
 Blade Hands              Tmut           0%         N/A       100%        5
 Fireball                 Conj/Fire      0%         3d3       100%        5
 Freezing Cloud           Conj/Ice/Air   0%         6-21      100%        5
 Iskenderun's Battlesphe  Conj           0%         2d6       100%        5
 Lee's Rapid Deconstruct  Erth           0%         3d5*      100%        5
 Metabolic Englaciation   Hex/Ice        0%         N/A       100%        5
 Silence                  Hex/Air        0%         N/A       100%        5
 Yara's Violent Unravell  Hex/Tmut       0%         3d3       100%        5
 Iron Shot                Conj/Erth      0%         9d1       100%        6
 Simulacrum               Ice/Necr       0%         N/A       100%        6
 Starburst                Conj/Fire      0%         6d3       100%        6
 Statue Form              Tmut/Erth      0%         N/A       100%        6
 Enfeeble                 Hex            0%         N/A       100%        7
 Orb of Destruction       Conj           0%         9d5       100%        7
 Spellforged Servitor     Conj/Summ      0%         N/A       100%        7
 Discord                  Hex            0%         N/A       100%        8
 Ignition                 Fire           0%         3d3       100%        8
 Lehudib's Crystal Spear  Conj/Erth      0%         10d2      100%        8

Inventory:

Hand Weapons
 B - the +9 great sword of Guiluz {freeze, rElec Will+}
   (You found it on level 14 of the Dungeon)

   It freezes those it strikes, dealing additional cold damage.
   It can also slow down cold-blooded creatures.
   rElec:     It insulates you from electricity.
   Will:      It increases your willpower.
 F - a +5 broad axe of flaming (weapon)
   (You found it on level 2 of the Spider Nest)
Missiles
 p - 7 curare-tipped darts (quivered)
 J - 18 boomerangs
 P - 10 throwing nets
Armour
 c - a +0 helmet of see invisible (worn)
   (You found it in a Gauntlet)
 v - a +1 pair of gloves (worn)
   (You found it in a Gauntlet)
 H - a +0 buckler of protection
   (You took it off a gnoll sergeant on level 9 of the Dungeon)
 I - a +0 pair of boots (worn)
   (You found it on level 9 of the Dungeon)
 Q - the +10 plate armour "Zeotassy" (worn) {rN+ Stlth+}
   (You took it off a minotaur in a Gauntlet)

   rN:        It protects you from negative energy.
   Stlth:     It makes you more stealthy.
 V - a +0 cloak (worn)
   (You found it on level 1 of the Lair of Beasts)
 W - the +10 tower shield of Ignorance (worn) {rN+ Int-4}
   (You found it in a Gauntlet)

   Int:       It affects your intelligence (-4).
   rN:        It protects you from negative energy.
Jewellery
 e - a +4 ring of slaying (left hand)
   (You found it on level 2 of the Dungeon)
 k - a +4 ring of slaying (right hand)
   (You found it on level 1 of the Dungeon)
 N - an amulet of reflection (around neck)
   (You took it off a minotaur in a Gauntlet)
Wands
 x - a wand of iceblast (15)
   (You found it on level 3 of the Lair of Beasts)
 A - a wand of light (11)
   (You found it on level 7 of the Dungeon)
 D - a wand of paralysis (27)
   (You found it on level 8 of the Dungeon)
 G - a wand of flame (61)
   (You found it on level 9 of the Dungeon)
 T - a wand of mindburst (19)
   (You found it on level 12 of the Dungeon)
 Y - a wand of polymorph (20)
   (You found it on level 4 of the Lair of Beasts)
Scrolls
 a - a scroll of amnesia
 b - 5 scrolls of silence
 f - 10 scrolls of magic mapping
 q - a scroll of summoning
 r - a scroll of enchant weapon
 u - 12 scrolls of teleportation
 C - 5 scrolls of fear
 K - 14 scrolls of identify
 L - 8 scrolls of fog
 X - 2 scrolls of blinking
Potions
 d - 5 potions of might
 g - 9 potions of attraction
 h - 10 potions of brilliance
 j - 5 potions of mutation
 l - 3 potions of resistance
 m - 8 potions of ambrosia
 n - 5 potions of berserk rage
 o - 18 potions of curing
 s - 4 potions of invisibility
 w - 4 potions of cancellation
 z - 10 potions of magic
 E - 5 potions of lignification
 U - 3 potions of haste

Dungeon Overview and Level Annotations

Branches:
Dungeon (15/15) Zot: 25566    Lair (5/5) D:10 Zot: 24230  Shoals (4/4) Lair:2 Zot: 19792
 Spider (4/4) Lair:2 Zot: 19454   Slime (0/5) Lair:5          Orc (2/2) D:10 Zot: 10252
    Elf (1/3) Orc:2 Zot: 5771  Vaults (3/5) D:14 Zot: 13049   Crypt (1/3) Vaults:2 Zot: 5998
 Depths (1/4) D:15 Zot: 5907   Sewer (visited)         Volcano (visited)
Gauntlet (visited)
 Temple: D:4-7

Altars:
Ashenzari
Cheibriados
Ru
Vehumet
Wu Jian
Yredelemnul
The Shining One
Beogh
Jiyva

Shops:
D:6 =   Orc:2 [*([:*(

Annotations:
D:7 2 runed translucent doors, Pooter's ghost, novice HOMo
D:12 exclusion: orange crystal statue
D:13 36 runed doors, exclusion: 36 doors

#.......###
##.........#
#......<...#
##.........##
#..........#
#.........##
###.......# ###....##
###†@#
##############p######
........p.....p.......
..............O.......
......................
........p)............
..)...................
#####'################
..


You could see an ironbound thunderhulk and 2 vault sentinels.


Message History

Strange energies crackle from the ironbound thunderhulk's apparatus.
The ironbound thunderhulk blinks!
You slash the ironbound convoker! You burn the ironbound convoker.
The vault sentinel blows a loud note on a signal horn!
The ironbound convoker hits you but does no damage. 😕 HP[+1]
You slice the ironbound convoker!! You burn the ironbound convoker!
You kill the ironbound convoker!
Beogh accepts your kill.
The yaktaur captain wields a +0 arbalest.
The yaktaur captain shoots a bolt.
You reflect the bolt off an invisible shield around you!
The bolt barely misses the yaktaur captain.
The bolt closely misses the vault sentinel.
The bolt hits the ironbound thunderhulk!!
The vault sentinel gestures at you while chanting.
The mark upon you grows brighter.
Electricity crackles from the ironbound thunderhulk's apparatus.
The bolt of lightning hits you!
The vault sentinel blows a loud note on a signal horn!
You hit the fire giant. The fire giant casts a spell at you.
The bolt of fire hits you. You resist. 😕 HP[-20]
You take 20 damage, and now have 147/185 hp.
You slash the fire giant! You burn the fire giant.
You block the fire giant's attack.
You slash the fire giant! You block the fire giant's attack.
You carve the fire giant like a ham!!! You burn the fire giant.
The fire giant points at you and mumbles some strange words.
The bolt of fire hits you! You resist.
Electricity crackles from the ironbound thunderhulk's apparatus.
The bolt of lightning hits you!!!
* * * LOW HITPOINT WARNING * * *
😨 HP[-55]
You take 55 damage, and now have 92/185 hp.
MASSIVE DAMAGE!! (PAUSE)
You are too injured to fight recklessly!
Unknown command.
Unknown command.
You slash the fire giant!
The vault sentinel blows a loud note on a signal horn!
The fire giant gestures at you while chanting.
The fireball explodes!
The fireball engulfs you!! You resist.
* * * LOW HITPOINT WARNING * * *
The fireball engulfs the fire giant!
The fire giant resists. 😨 HP[-18]
You take 18 damage, and now have 74/185 hp.
Unknown command.
You slash the fire giant! The fire giant casts a spell at you.
The fireball explodes!
The fireball engulfs you!! You resist.
* * * LOW HITPOINT WARNING * * *
The fireball engulfs the fire giant!
The fire giant resists.
The fire giant dies!
The yaktaur captain shoots a bolt.
You reflect the bolt off an invisible shield around you!
The bolt hits the yaktaur captain!!
Strange energies crackle from the ironbound thunderhulk's apparatus.
The ironbound thunderhulk blinks!
The vault sentinel blows a loud note on a signal horn!
Unknown command. 😨 HP[-23]
You take 23 damage, and now have 51/185 hp.
Unknown command.
Unknown command.
Aiming: Smiting
Press: ? - help, Dir - move target, f - yaktaur captain Smite: a yaktaur captain, wielding a +0 arbalest (moderately wounded)
You smite the yaktaur captain!! 😨 MP[-3]
You lost 3 mp, and now have 32/35 mp.
Unknown command.
Aiming: Smiting
Press: ? - help, Dir - move target, f/p - yaktaur captain Smite: a yaktaur captain, wielding a +0 arbalest (severely wounded)
You smite the yaktaur captain!!
You kill the yaktaur captain!
Beogh accepts your kill.
The vault sentinel blows a loud note on a signal horn! 😨 MP[-3]
You lost 3 mp, and now have 29/35 mp.
Unknown command.
Unknown command.
You slice the vault sentinel!! You burn the vault sentinel!
You block the vault sentinel's attack. 😨 HP[+1]
You miss the vault sentinel.
Electricity crackles from the ironbound thunderhulk's apparatus.
The bolt of lightning hits you!!!
* * * LOW HITPOINT WARNING * * *
The vault sentinel blows a loud note on a signal horn!
Unknown command. 😱 HP[-39] MP[+1]
You take 39 damage, and now have 13/185 hp.
MASSIVE DAMAGE!! (PAUSE)
You feel much better.
Electricity crackles from the ironbound thunderhulk's apparatus.
The bolt of lightning hits you!!!
You die...

Skill      XL: |  1  2  3  4  5  6  7  8  9 10 11 12 13 14 15 16 17 18 19 |
---------------+----------------------------------------------------------+-----
Axes           | 3 4 5 7 8 10 12 15 16 | 16.0
Fighting       | 4 5 6 7 8 10 12 14 16 18 19 20 | 20.0
Armour         | 6 10 13 17 20 | 20.0
Invocations    | 4 14 20 23 24 | 24.3
Shields        | 5 7 10 12 | 12.7

Action                   |  1- 3 |  4- 6 |  7- 9 | 10-12 | 13-15 | 16-18 | 19-21 || total
-------------------------+-------+-------+-------+-------+-------+-------+-------++-------
Melee: War axe           |    34 |   108 |   185 |   354 |   744 |   260 |       ||  1685
       Hand axe          |    30 |       |       |       |   101 |       |       ||   131
       Broad axe         |       |       |       |       |       |   629 |   191 ||   820
Throw: Dart              |       |       |       |     6 |     3 |       |       ||     9
Invok: Convert to Beogh  |       |       |       |     1 |       |       |       ||     1
       Recall Orcish Fol |       |       |       |       |     5 |    12 |       ||    17
       Give Item to Name |       |       |       |       |     4 |     8 |       ||    12
       Smiting           |       |       |       |       |     3 |    40 |     5 ||    48
       Resurrection      |       |       |       |       |       |     1 |       ||     1
Evoke: Wand              |       |       |       |     2 |       |       |       ||     2
  Use: Scroll            |     3 |     5 |     6 |     7 |     8 |    14 |       ||    43
       Potion            |       |       |     2 |     2 |     1 |    13 |     4 ||    22
 Stab: Distracted        |       |       |       |     1 |     5 |     7 |       ||    13
       Petrified         |       |       |       |       |     1 |       |       ||     1
       Invisible         |       |       |       |       |       |     6 |       ||     6
Armor: Scale mail        |    24 |    25 |    20 |       |       |       |       ||    69
       Plate armour      |       |       |    27 |       |       |   233 |    98 ||   358
       Chain mail        |       |       |    23 |   195 |   634 |   686 |       ||  1538
       Troll leather arm |       |       |       |       |    33 |       |       ||    33
Dodge: Dodged            |    26 |    37 |    56 |   101 |   340 |   414 |    40 ||  1014
Block: Buckler           |    14 |    18 |    34 |    60 |   159 |   341 |    29 ||   655
       Reflection        |       |       |       |       |       |     9 |    14 ||    23
       Tower shield      |       |       |       |       |       |       |   201 ||   201

Levels and vault maps discovered:
D:1:      tarquinn_simple_flora_water_a, layout_basic,
          dreamdust_ecumenical_altar_statues, serial_forest,
          infiniplex_forest_end_1, infiniplex_forest_lined_corner,
          infiniplex_forest_straight_2, infiniplex_forest_lined_room_2,
          infiniplex_forest_straight_3, infiniplex_forest_zigzag_2,
          infiniplex_forest_clump_double, infiniplex_forest_end_2,
          hangedman_decor_clover_reticule
D:2:      layout_basic, minmay_3d_cube
D:3:      layout_basic, chequers_serial_rivers_large_a, minmay_misc_feat_iff,
          chequers_serial_rivers_small_3, chequers_serial_rivers_micro_a,
          minivault_4, minivault_25
D:4:      cheibrodos_pilgrimage, layout_cave_pools, gup_sewer_entry_bubbles
D:5:      layout_loops_corners, dreamdust_princess_corridor, uniq_edmund
D:6:      layout_basic, serial_shops, nicolae_shop_hallway_plus,
          serial_park_tiny_2, minmay_fractal_squares_5, uniq_sigmund,
          uniq_duvessa
D:7:      nzn_winding_woodlands_three_and_one
          [nzn_winding_woodlands_5x15_split_checker,
          nzn_winding_woodlands_5x15_default,
          nzn_winding_woodlands_5x15_sidewinder,
          nzn_winding_woodlands_center_diamonds], layout_cave_pools,
          grunt_ashenzari_visionary [grunt_ashenzari_visionary_shoals,
          grunt_ashenzari_visionary_spider], temple_green,
          ebering_ghost_disaster_area
D:8:      layout_basic, kennysheep_dice
D:9:      layout_basic, general_overflow_altar, minmay_fountain_box
D:10:     layout_basic, old_standard_altar, david_lair_shrubbed, orc_0_dummy
D:11:     layout_rooms, cheibriados_altar_1
D:12:     layout_basic, minmay_statue_bubble
D:13:     kennysheep_four_of_diamonds, layout_cave_pools, door_vault
D:14:     layout_rooms, erik_vaults_2, yredelemnul_altar_generic, minivault_23,
          uniq_rupert, uniq_lodul
D:15:     grunt_enter_depths_hoard, layout_stronghold, gauntlet_entry_generic,
          amcnicky_mini_pool_small, fiery_altar_vehumet, uniq_nessos
Lair:1:   layout_misc_corridors, nicolae_lair_lakeside_cave
Lair:2:   layout_hall_layers, elwin_shoals_entry_rocks,
          hellmonk_spider_entry_life_and_decay, beast_lair_carwin_8
Lair:3:   lemuel_slime, layout_loops_ring, basic_altar,
          chequers_serial_rivers_room_b, hibernation_bobbens,
          infiniplex_staircase_pool
Lair:4:   layout_hall_layers, lemuel_fruit_tree, uniq_josephine
Lair:5:   hangedman_lair_in_review, layout_regular_city,
          minmay_slime_entry_pillars, serial_bayou_lagoon_a
Shoals:1: layout_shoals, kb_tengu_band, uniq_aizul, uniq_jorgrun
Shoals:2: layout_shoals
Shoals:3: layout_shoals
Shoals:4: shoals_end_hellmonk_storm_palace [storm_palace_center_square,
          storm_palace_corner_reverse_hut, storm_palace_corner_narrow,
          storm_palace_corner_pillars, storm_palace_corner_blocked]
Spider:1: layout_cave_pods, special_room, nicolae_spider_webbed_stairs
Spider:2: nicolae_spider_hilbert_zone_5 [nicolae_spider_hilbert_3_sides_1_open,
          nicolae_spider_hilbert_4_sides_1_open,
          nicolae_spider_hilbert_4_sides_1_open,
          nicolae_spider_hilbert_6_sides_1_open,
          nicolae_spider_hilbert_6_sides_1_open], uniq_frances
Spider:3: layout_spider_delve, beargit_elvish_explorers
Spider:4: spider_rune_water
Orc:1:    layout_caves, special_room [special_room_bee],
          nicolae_orc_stony_grotto, hangedman_minor_magic, uniq_urug,
          uniq_snorg, uniq_harold
Orc:2:    grunt_orc_gardens, layout_caves, grunt_orc_garden, grunt_orc_garden,
          grunt_orc_garden, grunt_orc_garden, basic_altar, serial_shops,
          nicolae_lakefront_shop, shop,
          nicolae_shop_competitors_out_of_business,
          nicolae_volcano_entry_batcave
Elf:1:    nicolae_elf_arrival_aired_out, layout_loops_corners, serial_shops,
          nicolae_shop_statue_plus, minivault_28, lemuel_statue_altar
Vaults:1: v_misc_29, hangedman_vaults_impose, grunt_tower_of_power,
          vaults_mumra_chevron, grunt_vaults_focal,
          hangedman_vaults_stretched_pinwheel, nicolae_vaults_little_squares_6,
          v_misc_14, vaults_room_semicircle, nicolae_vaults_specimen_jars,
          dpeg_vaults_monster_box, ontoclasm_vaults_twist,
          hangedman_vaults_slice, nicolae_vaults_ring_of_whatevers,
          layout_vaults_omnicross
Vaults:2: v_misc_5, vaults_room_octagon, nicolae_vaults_alarming,
          nicolae_vaults_big_angled_halls, nicolae_vaults_back_hallway,
          v_misc_16, nicolae_vaults_rhombus_7, vaults_dpeg_doors, v_misc_25,
          vaults_room_pools, v_pattern_1, hangedman_vaults_trim,
          vaults_mumra_lcd, hangedman_vaults_snaps, layout_vaults_maze,
          minmay_crypt_entry_simple_round
Vaults:3: hangedman_vaults_pinch, ontoclasm_vaults_misaligned, v_misc_31,
          v_misc_28, v_misc_18, nicolae_vaults_mini_display_case,
          ontoclasm_vaults_spin, vaults_room_pools, grunt_vaults_bifocal,
          nicolae_vaults_little_squares_6, vaults_dpeg_emergency_exit,
          vaults_room_pools, layout_vaults_ring, serial_shops,
          nicolae_lakefront_shop, uniq_mara
Crypt:1:  layout_gridlike, ebering_ghost_disaster_area,
          hangedman_summoners_spam, grunt_crypt_arrival_webbed,
          grunt_megastairs_1
Depths:1: layout_cave_pools, grunt_hell_entry_dis_grunt,
          lightli_fourway_metalbox

Notes
Turn   | Place    | Note
-------+----------+-------------------------------------------
     0 | D:1      | ytrimaz the Hill Orc Fighter began the quest for the Orb.
     0 | D:1      | Reached XP level 1. HP: 19/19 MP: 1/1
     0 | D:1      | magus.rc [v1.9.6]
   132 | D:1      | Reached skill level 3 in Axes
   191 | D:1      | Reached XP level 2. HP: 27/27 MP: 2/2
   200 | D:1      | Reached skill level 4 in Fighting
   513 | D:1      | Found a faded altar of an unknown god.
  1247 | D:2      | Reached XP level 3. HP: 29/34 MP: 3/3
  1564 | D:2      | Reached skill level 4 in Axes
  1807 | D:2      | Reached XP level 4. HP: 38/41 MP: 4/4
  1918 | D:2      | Reached skill level 5 in Fighting
  2111 | D:3      | Reached skill level 5 in Axes
  2117 | D:3      | Reached XP level 5. HP: 17/48 MP: 5/5
  3015 | D:3      | You pick up a book of Debilitation and begin reading...
  3015 | D:3      | You add the spells Slow, Vampiric Draining and Confusing
                  | Touch to your library.
  3527 | D:4      | Reached skill level 6 in Fighting
  3527 | D:4      | Reached XP level 6. HP: 54/57 MP: 6/6
  3694 | D:4      | Reached skill level 6 in Axes
  3694 | D:4      | Found a glowing drain.
  3705 | Sewer    | Entered a sewer
  3976 | Sewer    | Reached skill level 7 in Fighting
  3976 | Sewer    | Reached skill level 7 in Axes
  3976 | Sewer    | Reached XP level 7. HP: 63/66 MP: 7/7
  4716 | D:4      | Reached skill level 8 in Axes
  5158 | D:5      | Entered Level 5 of the Dungeon
  5249 | D:5      | HP: 15/67 [centaur/arrow (8)]
  5254 | D:5      | Reached skill level 8 in Fighting
  5580 | D:5      | Reached XP level 8. HP: 70/74 MP: 8/8
  6067 | D:5      | Reached skill level 9 in Axes
  6152 | D:5      | Noticed Edmund
  6161 | D:5      | Killed Edmund
  6162 | D:5      | Reached skill level 9 in Fighting
  6397 | D:6      | Noticed a yak
  6402 | D:6      | Killed a yak
  6411 | D:6      | Reached skill level 10 in Axes
  6633 | D:6      | Noticed Sigmund
  6639 | D:6      | Killed Sigmund
  6640 | D:6      | Reached skill level 10 in Fighting
  6655 | D:6      | Noticed Duvessa
  6655 | D:6      | Noticed Dowan
  6658 | D:6      | Killed Duvessa
  6659 | D:6      | Reached XP level 9. HP: 85/85 MP: 9/9
  6666 | D:6      | Killed Dowan
  6808 | D:6      | Reached skill level 11 in Axes
  6817 | D:6      | You pick up a book of Dangerous Friends and begin
                  | reading...
  6817 | D:6      | You add the spells Summon Guardian Golem, Orb of
                  | Destruction and Spellforged Servitor to your library.
  6850 | D:6      | Found Xigac's Jewellery Shop.
  6885 | D:6      | Identified the +6 dagger of Wotefait {speed, rElec rC-
                  | Will+ rCorr}
  7317 | D:7      | Found a large runed translucent door.
  7318 | D:7      | Found a large runed translucent door.
  7321 | D:7      | Noticed Pooter's ghost (novice HOMo)
  7358 | D:7      | Reached skill level 11 in Fighting
  7565 | D:7      | Reached skill level 12 in Axes
  7585 | D:7      | Found a broken altar of Ashenzari.
  7590 | D:7      | Saw a vision of the Shoals and the Spider Nest.
  7590 | D:7      | Noticed a wind drake
  7590 | D:7      | Noticed a merfolk aquamancer
  7590 | D:7      | Noticed a merfolk
  7590 | D:7      | Noticed a kraken
  7590 | D:7      | Noticed a manticore
  7590 | D:7      | Noticed a sea snake
  7590 | D:7      | Noticed a sun moth
  7590 | D:7      | Noticed a tarantella
  7590 | D:7      | Noticed a pharaoh ant
  7590 | D:7      | Noticed a steelbarb worm
  7590 | D:7      | Noticed a torpor snail
  7590 | D:7      | Noticed a moth of wrath
  7590 | D:7      | Noticed a radroach
  7590 | D:7      | Noticed a pharaoh ant
  7590 | D:7      | Noticed a moth of wrath
  7590 | D:7      | Noticed a demonic crawler
  7590 | D:7      | Noticed a demonic crawler
  7590 | D:7      | Noticed a merfolk impaler
  7591 | D:7      | Noticed a spark wasp
  7591 | D:7      | Noticed a sea snake
  7595 | D:7      | Noticed a demonic crawler
  7625 | D:7      | Noticed a sun moth
  7628 | D:7      | Noticed a wolf spider
  7630 | D:7      | Noticed a torpor snail
  7697 | D:7      | Noticed an eye of devastation
  7704 | D:7      | Killed an eye of devastation
  7930 | D:7      | Reached skill level 12 in Fighting
  7997 | D:8      | Reached XP level 10. HP: 93/97 MP: 10/10
  8051 | D:8      | Became a worshipper of Beogh the Brigand
  8087 | D:8      | Reached skill level 13 in Axes
  8105 | D:8      | You pick up a book of Necromancy and begin reading...
  8105 | D:8      | You add the spells Necrotise and Agony to your library.
  8180 | D:8      | You pick up a book of Party Tricks and begin reading...
  8180 | D:8      | You add the spells Apportation and Alistair's Intoxication
                  | to your library.
  8700 | D:9      | Reached * piety under Beogh
  8761 | D:9      | Reached skill level 13 in Fighting
  8769 | D:9      | Reached skill level 14 in Axes
  9101 | D:9      | Found a glowing golden altar of the Shining One.
  9253 | D:10     | Entered Level 10 of the Dungeon
  9263 | D:10     | Found a sacrificial altar of Ru.
  9279 | D:10     | Found a staircase to the Orcish Mines.
  9344 | D:10     | Killed an unseen horror
  9444 | D:10     | Reached skill level 14 in Fighting
  9553 | D:10     | Reached skill level 15 in Axes
  9553 | D:10     | Reached XP level 11. HP: 86/110 MP: 11/11
  9803 | D:10     | Found a staircase to the Lair.
  9907 | D:10     | You add the spells Ignite Poison, Mephitic Cloud and
                  | Freezing Cloud to your library.
  9910 | D:10     | Noticed a two-headed ogre
  9919 | D:10     | Killed a two-headed ogre
 10314 | D:11     | Reached ** piety under Beogh
 10318 | D:11     | Identified the +1 ring mail of Wemehan {Int+9 Dex+2}
 10319 | D:11     | Noticed a two-headed ogre
 10327 | D:11     | Killed a two-headed ogre
 10459 | D:11     | Found a snail-covered altar of Cheibriados.
 10471 | D:11     | Reached skill level 15 in Fighting
 10471 | D:11     | Reached skill level 16 in Axes
 10840 | D:12     | Noticed a deep elf pyromancer
 10848 | D:12     | Killed a deep elf pyromancer
 10855 | D:12     | Reached skill level 4 in Armour
 10928 | D:12     | Noticed an orange crystal statue
 10929 | D:12     | Noticed a two-headed ogre
 10936 | D:12     | Killed a two-headed ogre
 10937 | D:12     | Reached skill level 5 in Armour
 11017 | D:12     | Noticed a two-headed ogre
 11027 | D:12     | Killed a two-headed ogre
 11149 | D:12     | Reached skill level 6 in Armour
 11228 | D:12     | Reached skill level 16 in Fighting
 11365 | D:13     | You pick up a book of Burglary and begin reading...
 11365 | D:13     | You add the spells Passwall, Ensorcelled Hibernation and
                  | Swiftness to your library.
 11369 | D:13     | Found a huge runed gate.
 11369 | D:13     | Found a huge runed gate.
 11369 | D:13     | Found a huge runed gate.
 11370 | D:13     | Found a huge runed gate.
 11370 | D:13     | Found a huge runed gate.
 11371 | D:13     | You pick up a book of the Earth and begin reading...
 11371 | D:13     | You add the spells Leda's Liquefaction, Lee's Rapid
                  | Deconstruction and Statue Form to your library.
 11539 | D:13     | Reached XP level 12. HP: 120/122 MP: 12/12
 11650 | D:13     | Reached skill level 7 in Armour
 11674 | D:13     | You pick up a book of Fire and begin reading...
 11674 | D:13     | You add the spells Fireball, Starburst and Ignition to your
                  | library.
 11726 | D:13     | Noticed a tengu warrior
 11742 | D:13     | Killed a tengu warrior
 11747 | D:13     | Reached skill level 8 in Armour
 11777 | D:13     | Identified the +4 chain mail of Minor Irritation {Int+6
                  | Dex+2}
 11838 | D:13     | Noticed a centaur warrior
 11853 | D:13     | Killed a centaur warrior
 11859 | D:13     | Reached skill level 17 in Fighting
 12031 | D:13     | Noticed a tengu reaver
 12031 | D:13     | Noticed a deep elf high priest
 12245 | D:13     | Found a huge runed gate.
 12245 | D:13     | Found a huge runed gate.
 12245 | D:13     | Found a huge runed gate.
 12247 | D:13     | Found a huge runed gate.
 12248 | D:13     | Found a huge runed gate.
 12248 | D:13     | Found a huge runed gate.
 12252 | D:13     | Found a huge runed gate.
 12252 | D:13     | Found a huge runed gate.
 12252 | D:13     | Found a huge runed gate.
 12252 | D:13     | Found a huge runed gate.
 12253 | D:13     | Found a huge runed gate.
 12254 | D:13     | Found a huge runed gate.
 12255 | D:13     | Found a huge runed gate.
 12319 | D:13     | Found a huge runed gate.
 12344 | D:13     | Found a huge runed gate.
 12351 | D:13     | Found a huge runed gate.
 12351 | D:13     | Found a huge runed gate.
 12351 | D:13     | Found a huge runed gate.
 12351 | D:13     | Found a huge runed gate.
 12351 | D:13     | Found a huge runed gate.
 12351 | D:13     | Found a huge runed gate.
 12352 | D:13     | Found a huge runed gate.
 12353 | D:13     | Found a huge runed gate.
 12354 | D:13     | Found a huge runed gate.
 12362 | D:13     | Found a huge runed gate.
 12362 | D:13     | Found a huge runed gate.
 12362 | D:13     | Found a huge runed gate.
 12362 | D:13     | Found a huge runed gate.
 12362 | D:13     | Found a huge runed gate.
 12362 | D:13     | Found a huge runed gate.
 12363 | D:13     | Found a huge runed gate.
 12571 | D:13     | Reached skill level 9 in Armour
 12610 | D:13     | HP: 28/120 [tengu reaver/+0 great sword (24)]
 12620 | D:13     | Killed a tengu reaver
 12739 | D:13     | Killed a deep elf high priest
 12759 | D:13     | Identified the +5 mace of Resumed Hostilities {speed,
                  | rPois}
 12767 | D:13     | Identified the +7 long sword of Havoc {pain, Dex+2}
 13064 | Lair:1   | Entered Level 1 of the Lair of Beasts
 13074 | Lair:1   | Reached *** piety under Beogh
 13089 | Lair:1   | Reached skill level 10 in Armour
 13149 | Lair:1   | Found the +13 scythe of Curses {drain, Drain}
 13333 | Lair:1   | Reached skill level 18 in Fighting
 13333 | Lair:1   | Reached XP level 13. HP: 109/134 MP: 13/13
 13464 | Lair:1   | Gained Herok as an ally
 13577 | Lair:1   | You pick up a book of Conjurations and begin reading...
 13577 | Lair:1   | You add the spells Magic Dart, Searing Ray and Fulminant
                  | Prism to your library.
 13637 | Lair:1   | Reached skill level 11 in Armour
 13771 | Lair:1   | You pick up a book of Blasting and begin reading...
 13771 | Lair:1   | You add the spells Kindle Blastsparks and Iskenderun's
                  | Mystic Blast to your library.
 13837 | Lair:1   | Reached **** piety under Beogh
 14114 | Lair:2   | Reached skill level 19 in Fighting
 14114 | Lair:2   | Found a hole to the Spider Nest.
 14117 | Lair:2   | You fall into a shaft and drop 2 floors!
 14142 | Lair:4   | Gained Dorog as an ally
 14272 | Lair:4   | Noticed Josephine
 14277 | Lair:4   | Reached skill level 12 in Armour
 14278 | Lair:4   | Your ally Dorog died
 14281 | Lair:4   | Your ally Herok died
 14284 | Lair:4   | Killed Josephine
 14604 | Lair:4   | You pick up a book of Weapons and begin reading...
 14604 | Lair:4   | You add the spells Tukima's Dance, Portal Projectile and
                  | Blade Hands to your library.
 15234 | Lair:5   | Entered Level 5 of the Lair of Beasts
 15340 | Lair:5   | Reached skill level 13 in Armour
 15343 | Lair:5   | Reached ***** piety under Beogh
 15449 | Lair:5   | Reached XP level 14. HP: 147/147 MP: 14/14
 15455 | Lair:5   | Gained Syrus as an ally
 15455 | Lair:5   | Gained Korbok as an ally
 15649 | Lair:5   | Reached skill level 20 in Fighting
 15669 | Lair:5   | Found a staircase to the Slime Pits.
 15670 | Lair:5   | Found a viscous altar of Jiyva.
 15724 | Lair:5   | You pick up a book of Changes and begin reading...
 15724 | Lair:5   | You add the spells Beastly Appendage, Wereblood and Spider
                  | Form to your library.
 16126 | Lair:5   | Reached skill level 14 in Armour
 16746 | Lair:3   | Reached skill level 15 in Armour
 16795 | Lair:3   | Identified the +0 ring mail of Resourcefulness {rN+}
 16867 | Lair:3   | You add the spells Passage of Golubria and Yara's Violent
                  | Unravelling to your library.
 17035 | Lair:3   | Found an ornate altar of the Wu Jian Council.
 17763 | Lair:2   | Reached skill level 16 in Armour
 17821 | Lair:2   | Reached ****** piety under Beogh
 17980 | Lair:2   | Identified the +3 leather armour of the Wasteland {rPois}
 18077 | Lair:2   | Reached skill level 17 in Armour
 18274 | Lair:2   | Found a staircase to the Shoals.
 18589 | Orc:1    | Entered Level 1 of the Orcish Mines
 18606 | Orc:1    | Reached XP level 15. HP: 68/155 MP: 15/15
 18616 | Orc:1    | Gained Zorug as an ally
 18859 | Orc:1    | You pick up a book of Minor Magic and begin reading...
 19037 | Orc:1    | Noticed Urug
 19062 | Orc:1    | Noticed Harold
 19067 | Orc:1    | Killed Harold
 19437 | Orc:2    | Entered Level 2 of the Orcish Mines
 19459 | Orc:2    | Found a staircase to the Elven Halls.
 19464 | Orc:2    | Found Emmuur Ovu's Antique Weapon Shoppe.
 19485 | Orc:2    | Reached skill level 18 in Armour
 19512 | Orc:2    | Bought an encrusted dagger for 203 gold pieces
 19512 | Orc:2    | Identified the +8 dagger of the Keeping Lamprey {freeze,
                  | rC+++ Will- rCorr Stlth+} (You bought it in a shop on level
                  | 2 of the Orcish Mines)
 19651 | Orc:2    | Found Ryoklesi's Armour Shoppe.
 19662 | Orc:2    | Bought the +4 moon troll leather armour {Spirit, Regen++
                  | MP+5} for 817 gold pieces
 19662 | Orc:2    | Found the +4 moon troll leather armour {Spirit, Regen++
                  | MP+5}
 19771 | Orc:2    | Found Kogaz's Book Shop.
 19776 | Orc:2    | Found Jeolic's Assorted Antiques.
 19835 | Orc:2    | Found Ufaunial's General Store.
 19871 | Orc:2    | Found a dark tunnel.
 19883 | Volcano  | Entered a volcano
 20129 | Orc:2    | Aim: Korbok the orc knight, wielding the +13 scythe of
                  | Curses {drain, Drain} and wearing a +0 chain mail
                  | (friendly)
 20130 | Orc:2    | Aim: Korbok the orc knight, wielding the +13 scythe of
                  | Curses {drain, Drain} and wearing a +0 chain mail
                  | (friendly)
 20130 | Orc:2    | Aim: Korbok the orc knight, wielding the +13 scythe of
                  | Curses {drain, Drain} and wearing a +0 chain mail
                  | (friendly)
 20160 | Orc:2    | Found Susaarog's Antique Armour Shoppe.
 20410 | Orc:2    | Found Roczeliw's Antique Weapon Emporium.
 20433 | Orc:2    | Found a roughly hewn altar of Beogh.
 20700 | Spider:1 | Entered Level 1 of the Spider Nest
 20770 | Spider:1 | Gained Warbeogh as an ally
 21298 | Spider:1 | Reached skill level 19 in Armour
 22070 | Spider:2 | You pick up a book of Spatial Translocations and begin
                  | reading...
 22070 | Spider:2 | You add the spells Blink, Lesser Beckoning and Manifold
                  | Assault to your library.
 22192 | Spider:2 | Reached skill level 20 in Armour
 22305 | Spider:2 | Reached skill level 1 in Invocations
 22372 | Spider:2 | Noticed an emperor scorpion
 22378 | Spider:2 | Killed an emperor scorpion
 22379 | Spider:2 | Reached skill level 2 in Invocations
 22421 | Spider:2 | Killed a ghost moth
 22422 | Spider:2 | Reached skill level 4 in Shields
 22603 | Spider:2 | Reached skill level 3 in Invocations
 22709 | Spider:2 | Gained Bogmar as an ally
 22712 | Spider:2 | Reached skill level 4 in Invocations
 22721 | Spider:2 | Reached skill level 5 in Shields
 22727 | Spider:2 | Reached XP level 16. HP: 67/162 MP: 10/19
 22992 | Spider:2 | You pick up a book of Hexes and begin reading...
 22992 | Spider:2 | You add the spells Inner Flame, Cause Fear and Discord to
                  | your library.
 23042 | Spider:2 | Noticed Frances
 23051 | Spider:2 | Killed Frances
 23052 | Spider:2 | Reached skill level 5 in Invocations
 23440 | Spider:3 | Reached skill level 6 in Shields
 23563 | Spider:3 | You pick up a book of Maledictions and begin reading...
 23563 | Spider:3 | You add the spells Anguish and Enfeeble to your library.
 23627 | Spider:3 | Reached skill level 6 in Invocations
 23729 | Spider:3 | Gained Bogdar as an ally
 23733 | Spider:3 | Gained Garbold as an ally
 24146 | Spider:4 | Entered Level 4 of the Spider Nest
 24155 | Spider:4 | Reached skill level 7 in Invocations
 24180 | Spider:4 | Your ally Bogmar died
 24275 | Spider:4 | Reached skill level 7 in Shields
 24462 | Spider:4 | Reached skill level 8 in Invocations
 24671 | Spider:4 | Reached skill level 9 in Invocations
 24700 | Spider:4 | Here: Korbok the orc knight, wielding the +13 scythe of
                  | Curses {drain, Drain} and wearing a +0 chain mail
                  | (friendly)
 24712 | Spider:4 | Identified the +1 chain mail of the Inquisitive Loafs {rF+
                  | Str+2 Int-4 Dex+3}
 24789 | Spider:4 | Reached skill level 10 in Invocations
 24916 | Spider:4 | Here: Korbok the orc warlord, wielding the +13 scythe of
                  | Curses {drain, Drain} and wearing a +0 chain mail
                  | (friendly)
 24924 | Spider:4 | Your ally Zorug died
 24942 | Spider:4 | Reached skill level 11 in Invocations
 25195 | Spider:4 | Got a gossamer rune of Zot
 25413 | Spider:4 | Paralysed by a jorogumo for 3 turns
 25626 | Shoals:1 | Entered Level 1 of the Shoals
 25679 | Shoals:1 | Reached skill level 12 in Invocations
 25806 | Shoals:1 | Gained Rocco as an ally
 25835 | Shoals:1 | You pick up a book of Winter and begin reading...
 25835 | Shoals:1 | You add the spells Ozocubu's Armour, Metabolic Englaciation
                  | and Simulacrum to your library.
 25837 | Shoals:1 | Noticed Jorgrun
 25848 | Shoals:1 | Your ally Rocco died
 25849 | Shoals:1 | Killed Jorgrun
 25963 | Shoals:1 | Noticed Aizul
 25976 | Shoals:1 | Killed Aizul
 26168 | Shoals:1 | Reached skill level 13 in Invocations
 26305 | Shoals:1 | HP: 38/162 [dream sheep[a cyclops] (16)]
 26328 | Shoals:1 | Your ally Bogdar died
 26883 | Shoals:2 | Reached skill level 14 in Invocations
 27056 | Shoals:2 | Gained Borgun as an ally
 27223 | Shoals:2 | Reached XP level 17. HP: 170/170 MP: 27/27
 27305 | Shoals:2 | You pick up a book of Spectacle and begin reading...
 27336 | Shoals:2 | Reached skill level 15 in Invocations
 27967 | Shoals:3 | HP: 40/170 [drowned by a water elemental[a merfolk
                  | aquamancer] (8)]
 27973 | Shoals:3 | HP: 36/170 [merfolk/+0 trident[a merfolk aquamancer] (11)]
 28142 | Shoals:3 | Reached skill level 16 in Invocations
 28365 | Shoals:3 | You pick up a book of Displacement and begin reading...
 28365 | Shoals:3 | You add the spells Gell's Gravitas and Teleport Other to
                  | your library.
 28785 | Shoals:4 | Entered Level 4 of the Shoals
 28823 | Shoals:4 | Gained Syrus as an ally
 28993 | Shoals:4 | Aim: Korbok the orc warlord, wielding the +13 scythe of
                  | Curses {drain, Drain} and wearing a +0 chain mail
                  | (friendly)
 29124 | Shoals:4 | Reached skill level 17 in Invocations
 29133 | Shoals:4 | Paralysed by an air elemental for 1 turns
 29220 | Shoals:4 | Gained Borgoth as an ally
 29353 | Shoals:4 | Your ally Syrus died
 29385 | Shoals:4 | Noticed a titan
 29393 | Shoals:4 | Killed a titan
 29394 | Shoals:4 | Reached skill level 18 in Invocations
 29394 | Shoals:4 | Your ally Garbold died
 29398 | Shoals:4 | Gained Brandogh as an ally
 29406 | Shoals:4 | Got a barnacled rune of Zot
 29645 | Shoals:4 | Paralysed by an air elemental for 1 turns
 29647 | Shoals:4 | Paralysed by an air elemental for 1 turns
 30071 | Elf:1    | Entered Level 1 of the Elven Halls
 30077 | Elf:1    | Paralysed by an air elemental for 1 turns
 30082 | Elf:1    | Paralysed by an air elemental for 1 turns
 30235 | Elf:1    | Reached skill level 19 in Invocations
 30915 | D:14     | Noticed Rupert
 30924 | D:14     | Killed Rupert
 30936 | D:14     | Identified the +9 great sword of Guiluz {freeze, rElec
                  | Will+}
 31094 | D:14     | Found a gate to the Vaults.
 31131 | D:14     | Noticed Lodul
 31137 | D:14     | Killed Lodul
 31281 | D:14     | Found a basalt altar of Yredelemnul.
 31539 | D:15     | Entered Level 15 of the Dungeon
 31539 | D:15     | Found a radiant altar of Vehumet.
 31547 | D:15     | Gained Wulfoc as an ally
 31558 | D:15     | Noticed Nessos
 31562 | D:15     | Killed Nessos
 31563 | D:15     | Reached skill level 20 in Invocations
 31683 | D:15     | Found a gate leading to a gauntlet.
 31690 | Gauntlet | Entered a Gauntlet
 31690 | Gauntlet | Found a transporter.
 31690 | Gauntlet | Found a transporter.
 31690 | Gauntlet | Found a transporter.
 31691 | Gauntlet | Found a transporter.
 31694 | Gauntlet | Found a transporter.
 31704 | Gauntlet | Found a transporter.
 31708 | Gauntlet | Found a transporter.
 31718 | Gauntlet | Found a transporter.
 31811 | Gauntlet | Found a transporter.
 31821 | Gauntlet | Found a transporter.
 31826 | Gauntlet | Found a transporter.
 31836 | Gauntlet | Found a transporter.
 31935 | Gauntlet | Reached XP level 18. HP: 163/178 MP: 32/32
 31957 | Gauntlet | Identified the +5 long sword of Grandeur {protect, Str+3}
 31986 | Gauntlet | Gained mutation: You are clumsy. (Dex -2) [a neqoxec]
 32043 | Gauntlet | Identified the +10 plate armour "Zeotassy" {rN+ Stlth+}
 32043 | Gauntlet | Found the +10 tower shield of Ignorance {rN+ Int-4}
 32065 | Gauntlet | Identified the +2 trident "Lirr" {chaos, rElec Dex+4}
 32066 | Gauntlet | You pick up a book of the Senses and begin reading...
 32642 | D:15     | You pick up a book of Armaments and begin reading...
 32642 | D:15     | You add the spells Stone Arrow, Animate Armour and
                  | Lehudib's Crystal Spear to your library.
 32739 | D:15     | Reached skill level 21 in Invocations
 32739 | D:15     | Found a staircase to the Depths.
 33102 | D:15     | Lost mutation: You are clumsy. (Dex -2) [potion of
                  | mutation]
 33102 | D:15     | Gained mutation: You are clumsy. (Dex -2) [potion of
                  | mutation]
 33102 | D:15     | Gained mutation: You have a pair of small horns on your
                  | head. [potion of mutation]
 33102 | D:15     | Gained mutation: Your spells are a little harder to cast,
                  | but a little more powerful. [potion of mutation]
 33103 | D:15     | Lost mutation: You have a pair of small horns on your head.
                  | [potion of mutation]
 33103 | D:15     | Lost mutation: You are clumsy. (Dex -2) [potion of
                  | mutation]
 33103 | D:15     | Gained mutation: You are somewhat resistant to further
                  | mutation. [potion of mutation]
 33103 | D:15     | Gained mutation: Potions are less effective at restoring
                  | your health. [potion of mutation]
 33103 | D:15     | Gained mutation: Your flesh is heat resistant. (rF+)
                  | [potion of mutation]
 33104 | D:15     | Lost mutation: Your spells are a little harder to cast, but
                  | a little more powerful. [potion of mutation]
 33104 | D:15     | Lost mutation: You are somewhat resistant to further
                  | mutation. [potion of mutation]
 33104 | D:15     | Gained mutation: You sometimes lose your temper in combat.
                  | [potion of mutation]
 33104 | D:15     | Gained mutation: Your muscles are strong. (Str +4, Int/Dex
                  | -1) [potion of mutation]
 33105 | D:15     | Lost mutation: You sometimes lose your temper in combat.
                  | [potion of mutation]
 33105 | D:15     | Lost mutation: Potions are less effective at restoring your
                  | health. [potion of mutation]
 33105 | D:15     | Gained mutation: Your movements are slightly less
                  | encumbered by armour. (ER -2) [potion of mutation]
 33113 | Depths:1 | Entered Level 1 of the Depths
 33117 | Depths:1 | Noticed a walking crystal tome
 33126 | Depths:1 | Killed a walking crystal tome
 33515 | Vaults:1 | Entered Level 1 of the Vaults
 33600 | Vaults:1 | Your ally Syrus died
 33636 | Vaults:1 | Reached skill level 8 in Shields
 33637 | Vaults:1 | Reached skill level 22 in Invocations
 34280 | Vaults:1 | Here: Korbok the orc warlord, wielding a +0 arbalest,
                  | wearing a +0 chain mail and carrying the +13 scythe of
                  | Curses {drain, Drain} (friendly)
 34538 | Vaults:1 | Reached skill level 9 in Shields
 35311 | Vaults:1 | Identified the +1 robe "Votiwn" {rN+ Int+4}
 35323 | Vaults:1 | Found a radiant altar of Vehumet.
 35323 | Vaults:1 | Found the +2 hood of the Assassin {Detection Stab+ Stlth++}
 35323 | Vaults:1 | Noticed a lich
 35326 | Vaults:1 | Killed a lich
 35333 | Vaults:1 | You pick up a book of Power and begin reading...
 35333 | Vaults:1 | You add the spells Iskenderun's Battlesphere, Arcjolt and
                  | Iron Shot to your library.
 35364 | Vaults:1 | Identified the +0 robe of the Jackalope {rPois rF- MP+9
                  | SInv}
 35378 | Vaults:1 | Reached skill level 10 in Shields
 35391 | Vaults:1 | Identified a +2 robe of the Archmagi
 35688 | Vaults:1 | Upgraded the game from 0.30-a0-137-gd8773701ce to
                  | 0.30-a0-140-gd1020e658a
 35688 | Vaults:1 | magus.rc [v1.9.6]
 35701 | Vaults:1 | Here: Korbok the orc warlord, wielding a +0 arbalest,
                  | wearing a +0 chain mail and carrying the +13 scythe of
                  | Curses {drain, Drain} (friendly)
 35701 | Vaults:1 | Here: Korbok the orc warlord, wielding a +0 arbalest,
                  | wearing a +0 chain mail and carrying the +13 scythe of
                  | Curses {drain, Drain} (friendly)
 36002 | Vaults:2 | Reached skill level 23 in Invocations
 36112 | Vaults:2 | Reached XP level 19. HP: 103/185 MP: 34/34
 36744 | Vaults:2 | Found a staircase to the Crypt.
 36751 | Vaults:2 | Reached skill level 11 in Shields
 36767 | Vaults:2 | HP: 46/185 [poisoned by a redback]
 36772 | Vaults:2 | HP: 41/185 [poisoned by a redback]
 37573 | Vaults:2 | Reached skill level 12 in Shields
 37600 | Vaults:2 | Reached skill level 24 in Invocations
 37911 | Vaults:2 | Gained Wardok as an ally
 38247 | Vaults:2 | Paralysed by a great orb of eyes for 5 turns
 38390 | Crypt:1  | Entered Level 1 of the Crypt
 38508 | Vaults:3 | HP: 13/185 [ironbound thunderhulk/bolt of lightning (39)]
 38509 | Vaults:3 | Killed from afar by an ironbound thunderhulk

Vanquished Creatures
  Rupert (D:14)
  A lich (Vaults:1)
  A titan (Shoals:4)
  Frances (Spider:2)
  An ancient champion (Vaults:2)
  2 tengu reavers
  4 vault wardens
  An emperor scorpion (Spider:4)
  A deep elf sorcerer (Elf:1)
  3 ghost moths
  A cacodemon (Gauntlet)
  8 ironbound preservers
  8 very ugly things (Vaults:2)
  2 stone giants
  A minotaur (Gauntlet)
  12 dire elephants
  4 merfolk javelineers (Shoals:4)
  An ettin (Orc:2)
  A great orb of eyes (Vaults:2)
  A fire dragon (D:15)
  A deep elf high priest (D:13)
  3 merfolk impalers
  3 yaktaur captains
  Josephine (Lair:4)
  4 entropy weavers
  8 vault guards
  3 ice dragons
  4 hydras
  4 ironbound frosthearts (Vaults:2)
  2 alligator snapping turtles (Shoals:2)
  A catoblepas (Lair:5)
  2 boulder beetles
  An anaconda (Lair:1)
  A merfolk avatar (Shoals:2)
  4 two-headed ogres
  8 centaur warriors
  3 merfolk aquamancers
  2 tengu warriors
  2 deep elf knights
  3 fire crabs (Lair:1)
  Lodul (D:14)
  A sun moth (Spider:4)
  3 pharaoh ants
  3 sea snakes
  25 deep trolls
  A steelbarb worm (Spider:2)
  A deep elf archer (Elf:1)
  2 glowing orange brains
  5 lindwurms (Vaults:1)
  A wizard (Vaults:2)
  An orb spider (Spider:4)
  3 phantasmal warriors (Vaults:2)
  8 ironbound convokers
  5 deep elf pyromancers
  11 harpies
  2 orc sorcerers
  11 ugly things
  An orc knight (Orc:1)
  5 deep elf zephyrmancers (Elf:1)
  A faun (Shoals:1)
  11 cyclopes
  2 moths of wrath
  10 wolf spiders
  8 manticores
  12 elephants
  7 vault sentinels
  2 merfolk sirens
  3 torpor snails
  10 black mambas
  A molten gargoyle (D:13)
  A naga mage (Vaults:1)
  2 gargoyles
  4 water nymphs
  An eye of devastation (shapeshifter) (D:7)
  A rime drake (Lair:1)
  11 cane toads
  3 demonic crawlers
  2 freezing wraiths
  2 unseen horrors
  4 tengu conjurers
  3 efreet
  15 komodo dragons
  A kobold demonologist (D:11)
  17 yaktaurs
  3 trolls
  12 merfolk
  A queen bee (Orc:1)
  5 wind drakes
  A hornet (Lair:3)
  9 tarantellas
  A polar bear (Lair:1)
  14 slime creatures
  5 blink frogs
  4 snapping turtles
  12 dream sheep
  A shadow (D:12)
  9 water elementals
  13 jumping spiders
  9 culicivoras
  3 air elementals
  Sigmund (D:6)
  3 fire bats (Orc:2)
  3 vampires
  7 wyverns
  4 fire elementals
  6 wraiths
  51 yaks
  A ynoxinul (Gauntlet)
  4 basilisks
  3 neqoxecs (Gauntlet)
  35 redbacks
  A steam dragon (D:7)
  4 vampire mosquitoes (D:11)
  A warg (Orc:1)
  Edmund (D:5)
  An acid dragon (D:12)
  12 water moccasins
  Duvessa (D:6)
  A hell hound (Spider:3)
  2 sky beasts
  2 ice beasts
  5 orc warriors
  2 black bears
  A swamp drake (Orc:1)
  7 ogres
  4 boggarts (Vaults:1)
  10 centaurs
  18 wolves
  A phantom (D:6)
  10 bullfrogs
  3 kobold brigands
  An earth elemental (Volcano)
  2 scorpions (D:6)
  A gnoll sergeant (D:9)
  10 wights
  Dowan (D:6)
  10 killer bees
  7 howler monkeys
  An electric eel (Spider:4)
  A crimson imp (Orc:1)
  2 lava snakes (D:13)
  11 jellies
  10 orc priests
  A gnoll bouda (D:5)
  5 hounds
  4 iron imps
  8 iguanas
  12 orc wizards
  11 gnolls
  14 adders
  3 river rats (Sewer)
  A shadow imp (Orc:1)
  2 white imps
  2 ufetubi
  7 worms
  33 orcs
  21 endoplasms
  4 giant cockroaches
  6 goblins
  4 hobgoblins
  2 jackals (D:3)
  5 quokkas
  9 ball pythons
  3 bats (D:2)
  3 frilled lizards
  13 kobolds
  6 rats
882 creatures vanquished.

Vanquished Creatures (collateral kills)
  Jorgrun (Shoals:1)
  A walking crystal tome (Depths:1)
  5 emperor scorpions
  A vault warden (Vaults:1)
  Aizul (Shoals:1)
  A ghost moth (Spider:4)
  A very ugly thing (Vaults:2)
  3 stone giants (Depths:1)
  An ironbound preserver (Vaults:1)
  An ironbound thunderhulk (Vaults:1)
  A broodmother (Spider:2)
  Nessos (D:15)
  A dire elephant (Spider:3)
  2 ettins (Orc:2)
  2 merfolk javelineers
  5 merfolk impalers
  A yaktaur captain (Vaults:1)
  An entropy weaver (Spider:2)
  2 hydras
  A rakshasa (Depths:1)
  An ice dragon (Depths:1)
  2 vault guards (D:14)
  A jorogumo (Spider:4)
  Harold (Orc:1)
  3 centaur warriors
  A catoblepas (Lair:5)
  An ironbound frostheart (Vaults:1)
  2 radroaches
  5 boulder beetles
  2 merfolk aquamancers (Shoals:4)
  2 tengu warriors
  An orc high priest (Orc:1)
  3 death yaks (Lair:5)
  3 pharaoh ants
  A sun moth (Spider:2)
  4 sea snakes
  5 deep trolls (Vaults:1)
  4 steelbarb worms
  An orc knight (Orc:2)
  A deep elf archer (Spider:3)
  2 ironbound convokers
  3 harpies
  5 orb spiders
  An ugly thing (D:15)
  3 lindwurms (Vaults:1)
  A deep elf zephyrmancer (Orc:1)
  8 wolf spiders
  An oklob plant (Lair:3)
  6 manticores
  2 deep elf pyromancers
  8 cyclopes
  A merfolk siren (Shoals:1)
  3 elephants
  3 moths of wrath
  4 black mambas
  A naga mage (Vaults:1)
  2 torpor snails (Spider:4)
  A water nymph (Shoals:2)
  4 cane toads
  A rime drake (Lair:3)
  5 yaktaurs (Vaults:1)
  3 demonic crawlers
  A komodo dragon (Lair:5)
  5 merfolk
  14 tarantellas
  4 hornets (Spider:4)
  2 wind drakes (Shoals:4)
  7 dream sheep
  2 slime creatures
  15 jumping spiders
  8 water elementals (Shoals:4)
  4 snapping turtles
  6 yaks
  16 culicivoras
  2 air elementals (Shoals:4)
  A basilisk (Lair:1)
  15 redbacks
  2 wargs
  2 water moccasins
  3 orc warriors
  3 black bears
  2 wolves
  An ogre (Orc:1)
  2 bullfrogs (Lair:3)
  2 scorpions (Lair:1)
  6 killer bees (Orc:1)
  2 electric eels (Spider:3)
  A jelly (Lair:5)
  5 orc wizards
  6 orcs
284 creatures vanquished.

Vanquished Creatures (others)
  A fire giant (Vaults:3)
  10 orc knights
  A tengu conjurer (Vaults:1)
  A slime creature (Vaults:1)
  A centaur simulacrum (D:15)
  15 orc warriors
  A killer bee (D:8)
  7 orc priests
  An iguana (D:5)
  14 orc wizards
  28 orcs
  31 demonic plants
  A fire vortex (D:13)
  54 fungi
  83 plants
249 creatures vanquished.

Grand Total: 1415 creatures vanquished

Table legend:
 A = Non-vault XP
 B = Vault XP
 C = Vault XP percentage of total XP
 D = Non-vault monster count
 E = Vault monster count
 F = Vault count percentage of total count
                 A         B        C        D         E       F
            +---------+---------+-------+---------+---------+-------
      Total |  242902 |  127425 |  34.4 |     794 |     369 |  31.7
            +---------+---------+-------+---------+---------+-------
        D:1 |      16 |       0 |   0.0 |      10 |       0 |   0.0
        D:2 |      80 |      31 |  27.9 |      19 |       5 |  20.8
        D:3 |     158 |       0 |   0.0 |      24 |       0 |   0.0
        D:4 |     339 |      73 |  17.7 |      18 |      11 |  37.9
        D:5 |     570 |     169 |  22.9 |      15 |       1 |   6.2
        D:6 |     542 |     707 |  56.6 |      13 |       8 |  38.1
        D:7 |     760 |     809 |  51.6 |      10 |       6 |  37.5
        D:8 |    1034 |      72 |   6.5 |      20 |       1 |   4.8
        D:9 |    1637 |       0 |   0.0 |      20 |       0 |   0.0
       D:10 |    2847 |     350 |  10.9 |      17 |       1 |   5.6
       D:11 |    2517 |       0 |   0.0 |      10 |       0 |   0.0
       D:12 |    5109 |       0 |   0.0 |      20 |       0 |   0.0
       D:13 |    2398 |    8332 |  77.7 |       9 |      15 |  62.5
       D:14 |    3044 |    8975 |  74.7 |       6 |      16 |  72.7
       D:15 |    8724 |    2625 |  23.1 |      21 |       3 |  12.5
     Lair:1 |    5221 |    8011 |  60.5 |      25 |      22 |  46.8
     Lair:2 |    9879 |    3765 |  27.6 |      38 |      13 |  25.5
     Lair:3 |    5279 |    1042 |  16.5 |      22 |      18 |  45.0
     Lair:4 |    5322 |    1365 |  20.4 |      14 |       5 |  26.3
     Lair:5 |    9135 |    8349 |  47.8 |      40 |      25 |  38.5
   Shoals:1 |    8558 |    2798 |  24.6 |      22 |       4 |  15.4
   Shoals:2 |   12698 |       0 |   0.0 |      27 |       0 |   0.0
   Shoals:3 |    7813 |       0 |   0.0 |      21 |       0 |   0.0
   Shoals:4 |    8654 |   16634 |  65.8 |      22 |      46 |  67.6
   Spider:1 |   13572 |       0 |   0.0 |      53 |       0 |   0.0
   Spider:2 |   14877 |    4181 |  21.9 |      44 |       6 |  12.0
   Spider:3 |    4645 |    2184 |  32.0 |      22 |       5 |  18.5
   Spider:4 |   11442 |   12034 |  51.3 |      38 |      35 |  47.9
      Orc:1 |    2907 |    2727 |  48.4 |      17 |      26 |  60.5
      Orc:2 |     802 |    6264 |  88.6 |      10 |      15 |  60.0
      Elf:1 |    1414 |    5441 |  79.4 |       2 |       9 |  81.8
   Vaults:1 |   41547 |    8099 |  16.3 |      74 |      14 |  15.9
   Vaults:2 |   35795 |   15522 |  30.2 |      53 |      18 |  25.4
   Vaults:3 |    7185 |       0 |   0.0 |       9 |       0 |   0.0
   Depths:1 |    6382 |       0 |   0.0 |       9 |       0 |   0.0
      Sewer |       0 |     312 | 100.0 |       0 |      24 | 100.0
    Volcano |       0 |    2098 | 100.0 |       0 |       6 | 100.0
   Gauntlet |       0 |    4456 | 100.0 |       0 |      11 | 100.0
            +---------+---------+-------+---------+---------+-------

Illustrated notes

Table legend:
 A = Kills in this place as a percentage of kills in entire the game.
 B = Kills by you in this place as a percentage of kills by you in the entire game.
 C = Kills by friends in this place as a percentage of kills by friends in the entire game.
 D = Other kills in this place as a percentage of other kills in the entire game.
 E = Experience gained in this place as a percentage of experience gained in the entire game.
 F = Experience gained in this place divided by the number of levels of this place that you have seen.
                   A       B       C       D       E      F
               +-------+-------+-------+-------+-------+----------------------
         Total | 100.0 | 100.0 | 100.0 | 100.0 | 100.0 | 9495.6
       Dungeon |  25.7 |  32.7 |   3.9 |  33.3 |  14.0 | 3461.2
          Lair |  19.1 |  20.6 |  14.5 |   0.0 |  15.5 | 11473.6
        Shoals |  12.2 |  10.0 |  19.1 |   0.0 |  15.4 | 14288.8
   Spider Nest |  17.5 |  10.6 |  39.0 |   0.0 |  17.0 | 15733.8
  Orcish Mines |   5.8 |   3.9 |  12.1 |   0.0 |   3.4 | 6350.0
   Elven Halls |   0.9 |   1.3 |   0.0 |   0.0 |   1.9 | 6855.0
        Vaults |  14.4 |  16.1 |   8.9 |  66.7 |  29.2 | 36049.3
        Depths |   0.8 |   0.2 |   2.5 |   0.0 |   1.7 | 6382.0
         Sewer |   2.1 |   2.7 |   0.0 |   0.0 |   0.1 | 312.0
       Volcano |   0.5 |   0.7 |   0.0 |   0.0 |   0.6 | 2098.0
      Gauntlet |   0.9 |   1.3 |   0.0 |   0.0 |   1.2 | 4456.0
               +-------+-------+-------+-------+-------+----------------------

Table legend: (Time is in decaauts)
 A = Elapsed time spent in this place.
 B = Non-inter-level travel time spent in this place.
 C = Inter-level travel time spent in this place.
 D = Time resting spent in this place.
 E = Time spent auto-exploring this place.
 F = Levels seen in this place.
 G = Mean time per level.
                   A        B        C        D        E       F      G
               +--------+--------+--------+--------+--------+-----+--------+
         Total |  38278 |  35973 |   2305 |   2055 |  26651 |  39 |  981.5 |
       Dungeon |  15550 |  14275 |   1275 |    902 |  10983 |  15 | 1036.7 |
          Lair |   5769 |   5333 |    436 |    354 |   3952 |   5 | 1153.8 |
        Shoals |   4207 |   4062 |    145 |    289 |   2742 |   4 | 1051.8 |
   Spider Nest |   4545 |   4361 |    184 |     97 |   3393 |   4 | 1136.2 |
  Orcish Mines |   1748 |   1584 |    164 |    127 |   1026 |   2 |  874.0 |
   Elven Halls |    229 |    229 |      0 |      0 |     89 |   1 |  229.0 |
        Vaults |   4949 |   4849 |    100 |    227 |   3854 |   3 | 1649.7 |
         Crypt |      1 |      1 |      0 |      0 |      0 |   1 |    1.0 |
        Depths |     92 |     92 |      0 |     58 |      0 |   1 |   92.0 |
         Sewer |    522 |    522 |      0 |      0 |    339 |   1 |  522.0 |
       Volcano |    227 |    227 |      0 |      0 |    124 |   1 |  227.0 |
      Gauntlet |    434 |    434 |      0 |      0 |    148 |   1 |  434.0 |
               +--------+--------+--------+--------+--------+-----+--------+

Top non-repeatable levels by time:
Vaults:2: 2459 daAuts
Vaults:1: 2422 daAuts
     D:2: 1508 daAuts
    D:13: 1465 daAuts
  Lair:5: 1457 daAuts
    D:10: 1415 daAuts
    D:15: 1410 daAuts
Spider:2: 1403 daAuts
Spider:4: 1374 daAuts
     D:3: 1336 daAuts
  Lair:1: 1318 daAuts
     D:5: 1285 daAuts
     D:4: 1261 daAuts
  Lair:4: 1142 daAuts
Shoals:4: 1112 daAuts
